 Dungeon Crawl Stone Soup version 0.28-a0-706-gf6f64a616a (webtiles) character file.

Game seed: 12683649572122608703

151 frimble the Firebug (level 5, -5/52 HPs)
             Began as a Demonspawn Fire Elementalist on Oct 25, 2021.
             Slain by Edmund (9 damage)
             ... on level 4 of the Dungeon.
             The game lasted 00:04:58 (3389 turns).

frimble the Firebug (Demonspawn Fire Elementalist)  Turns: 3389, Time: 00:04:58

Health: -5/52      AC: 22    Str:  8    XL:     5   Next: 11%
Magic:  3/8        EV:  2    Int: 17    God:
Gold:   169        SH:  0    Dex: 14    Spells: 4/8 levels left

rFire   . . .      SeeInvis .   b - +0 short sword
rCold   . . .      Faith    .   (no shield)
rNeg    . . .      Spirit   .   (armour currently unavailable)
rPois   +          Reflect  .   (helmet currently unavailable)
rElec   .          Harm     .   (cloak currently unavailable)
rCorr   .          Rampage  .   (gloves currently unavailable)
Will    .....      NoTele   +   (boots currently unavailable)
Stlth   ++........              (no amulet)
HPRegen 0.17/turn               (no ring)
MPRegen 0.11/turn               (no ring)

@: mighty, agile, tree-form
A: stationary, stasis, torment immunity, boosted hp, (claws 1), powered by death
1, powered by pain 1
a: no special abilities


You were on level 4 of the Dungeon.
You were a tree.
You visited 1 branch of the dungeon, and saw 4 of its levels.

You collected 169 gold pieces.

Inventory:

Hand Weapons
 b - a +0 short sword (weapon)
Armour
 a - a +0 robe (melded)
Scrolls
 c - 3 scrolls of teleportation
Potions
 e - 2 potions of mutation
 i - a potion of lignification


   Skills:
 - Level 1.8 Dodging
 - Level 1.8 Stealth
 - Level 2.0 Spellcasting
 + Level 3.5 Conjurations
 + Level 4.2 Fire Magic


You had 4 spell levels left.
You knew the following spells:

 Your Spells              Type           Power      Damage    Failure   Level
a - Foxfire               Conj/Fire      56%        2x1d6     4%          1
b - Inner Flame           Hex/Fire       8%         N/A       24%         3

Your spell library contained the following spells:

 Spells                   Type           Power      Damage    Failure   Level
 Scorch                   Fire           32%        2d7       5%          2
 Conjure Flame            Conj/Fire      14%        6-21      12%         3
 Static Discharge         Conj/Air       7%         N/A       14%         2
 Flame Wave               Conj/Fire      14%        3d5       36%         4
 Lightning Bolt           Conj/Air       3%         1d15      95%         5
 Maxwell's Capacitive Co  Air            0%         ∞         100%        8


Dungeon Overview and Level Annotations

Branches:
Dungeon (4/15)
 Temple: D:4-7

Altars:

Shops:
D:2 ?

Portals:
Abyss: D:4

Annotations:
D:3 Grinder
D:4 1 transporter, Asceticacid's ghost, amateur DECj; Edmund


Innate Abilities, Weirdness & Mutations

You are a tree.
Your roots penetrate the ground, keeping you stationary.
You cannot be teleported.
You are immune to unholy pain and torment.
Your maximum health is greatly increased.
Your equipment is partially melded.
((You have sharp fingernails.))
You regenerate a little health from kills.
You sometimes gain a little power by taking damage.


Message History

Casting: Foxfire (safe; 4% risk of failure)
Confirm with . or Enter, or press ? or * to list all spells.
You conjure some foxfire!
Edmund asks, "Have you met my wondrous brother?"
Edmund hits you but does no damage.
Casting: Foxfire (safe; 4% risk of failure)
Confirm with . or Enter, or press ? or * to list all spells.
You conjure some foxfire!
The foxfire hits Edmund but does no damage.
Edmund is lightly wounded.
The foxfire hits Edmund but does no damage.
Edmund is lightly wounded.
Edmund hits you but does no damage.
Casting: Foxfire (safe; 4% risk of failure)
Confirm with . or Enter, or press ? or * to list all spells.
You conjure some foxfire!
The foxfire hits Edmund but does no damage.
Edmund is lightly wounded.
The foxfire hits Edmund.
Edmund is moderately wounded.
Edmund hits you with a +2 dire flail of protection.
* * * LOW HITPOINT WARNING * * *
Casting: Foxfire (safe; 4% risk of failure)
Confirm with . or Enter, or press ? or * to list all spells.
You conjure some foxfire!
The foxfire hits Edmund but does no damage.
Edmund is moderately wounded.
The foxfire hits Edmund but does no damage.
Edmund is moderately wounded.
Edmund hits you with a +2 dire flail of protection.
* * * LOW HITPOINT WARNING * * *
Casting: Foxfire (safe; 4% risk of failure)
Confirm with . or Enter, or press ? or * to list all spells.
You conjure some foxfire!
The foxfire hits Edmund but does no damage.
Edmund is moderately wounded.
The foxfire hits Edmund.
Edmund is moderately wounded.
Edmund hits you with a +2 dire flail of protection!
You die...

#####################
....................#######
.................o.........
#####.######..#####.#
...............§§v..#
.....†.........§♣v..#
...©......##.....@..# #
..###....####.......# .#
..#x##..## ####....###.#
..#..#..#W #xK.##.†.....####
.##.##..##∩.#.^.#...........
.#.:# ...###.#.##..#)...####
.#.#. .. . ##...#....# .##
### #. #@..#....#


You could see Edmund (ally target), a kobold brigand and a small abomination.

Vanquished Creatures
  Blork the orc (D:4)
  A bullfrog skeleton (D:4)
  An adder (D:3)
  3 dart slugs
  An orc (D:4)
  3 endoplasms
  A giant cockroach (D:4)
  A hobgoblin (D:4)
  6 ball pythons
  5 bats
  2 frilled lizards (D:3)
  7 goblins
  3 kobolds (D:1)
  9 rats
44 creatures vanquished.

Vanquished Creatures (others)
  110 foxfires
  A fungus (D:4)
  5 toadstools (D:4)
116 creatures vanquished.

Grand Total: 160 creatures vanquished

Notes
Turn   | Place    | Note
-------+----------+-------------------------------------------
     0 | D:1      | frimble the Demonspawn Fire Elementalist began the quest
                  | for the Orb.
     0 | D:1      | Reached XP level 1. HP: 13/13 MP: 3/3
   763 | D:1      | Gained mutation: You have sharp fingernails. [demonic
                  | ancestry]
   763 | D:1      | Reached XP level 2. HP: 19/19 MP: 5/5
   808 | D:1      | Reached skill level 3 in Fire Magic
  2349 | D:2      | Gained mutation: You regenerate a little health from kills.
                  | [demonic ancestry]
  2349 | D:2      | Reached XP level 3. HP: 24/24 MP: 3/6
  2382 | D:2      | Found Tunwar's Magic Scroll Emporium.
  2735 | D:3      | Found a faded altar of an unknown god.
  2913 | D:3      | Learned a level 3 spell: Inner Flame
  2973 | D:3      | Noticed Grinder
  3011 | D:4      | Noticed Edmund
  3013 | D:4      | Noticed a black bear
  3190 | D:4      | Found a transporter.
  3224 | D:4      | Noticed Blork the orc
  3245 | D:4      | Found a one-way gate to the infinite horrors of the Abyss.
  3245 | D:4      | Noticed Asceticacid's ghost (amateur DECj)
  3290 | D:4      | Noticed a kobold brigand
  3292 | D:4      | Noticed a small abomination
  3320 | D:4      | Gained mutation: You sometimes gain a little power by
                  | taking damage. [demonic ancestry]
  3320 | D:4      | Reached XP level 4. HP: 30/30 MP: 1/7
  3366 | D:4      | Killed Blork the orc
  3367 | D:4      | Reached skill level 4 in Fire Magic
  3367 | D:4      | Reached XP level 5. HP: 29/35 MP: 0/8
  3389 | D:4      | Slain by Edmund

Illustrated notes

Levels and vault maps discovered:
D:1:      dpeg_arrival_refuge, layout_basic
D:2:      layout_rooms, serial_shops, nicolae_shop_trees, minmay_hedge_maze
D:3:      layout_basic, serial_shops, nicolae_shop_stone,
          chequers_ecumenical_altar_island, chequers_serial_rivers_micro_c,
          uniq_grinder
D:4:      minmay_octagon_keep, layout_basic, gammafunk_ghost_abyssal_escape,
          minmay_gold_behind_fungi, grunt_ministairs_4, uniq_blork_the_orc,
          uniq_edmund

Skill      XL: |  1  2  3  4 |
---------------+-------------+-----
Fire Magic     | 3 4 |  4.2
Conjurations   | 2 3 |  3.5
Dodging        | |  1.8
Stealth        | |  1.8
Spellcasting   | |  2.0

Action                   |  1- 3 |  4- 6 || total
-------------------------+-------+-------++-------
Melee: Unarmed           |    16 |       ||    16
       Short sword       |    78 |    13 ||    91
 Cast: Foxfire           |    52 |    11 ||    63
  Use: Scroll            |     9 |       ||     9
       Potion            |       |     2 ||     2
 Stab: Sleeping          |     5 |       ||     5
       Distracted        |     1 |       ||     1
Armor: Robe              |    29 |       ||    29
       Skin              |       |    13 ||    13
Dodge: Dodged            |    85 |     2 ||    87

Table legend: (Time is in decaauts)
 A = Elapsed time spent in this place.
 B = Non-inter-level travel time spent in this place.
 C = Inter-level travel time spent in this place.
 D = Time resting spent in this place.
 E = Time spent auto-exploring this place.
 F = Levels seen in this place.
 G = Mean time per level.
                   A        B        C        D        E       F      G
               +--------+--------+--------+--------+--------+-----+--------+
         Total |   3400 |   3247 |    153 |     24 |   2714 |   4 |  850.0 |
       Dungeon |   3400 |   3247 |    153 |     24 |   2714 |   4 |  850.0 |
               +--------+--------+--------+--------+--------+-----+--------+

Top non-repeatable levels by time:
     D:1: 1879 daAuts
     D:2: 962 daAuts
     D:3: 312 daAuts
     D:4: 245 daAuts
